 Dungeon Crawl Stone Soup version 0.31.0-12-g77e489cdc1 (webtiles) character file.

Game seed: 10361503490981672845

31 PaiMei the Grave Robber (level 3, -4/24 HPs)
             Began as a Demonspawn Necromancer on Mar 5, 2024.
             Killed from afar by Sigmund (7 damage)
             ... with a magic dart
             ... on level 2 of the Dungeon.
             The game lasted 00:01:57 (1772 turns).

PaiMei the Grave Robber (Demonspawn Necromancer)    Turns: 1772, Time: 00:01:58

Health: -4/24      AC:  2    Str:  8    XL:     3   Next: 7%
Magic:  6/6        EV: 12    Int: 17    God:
Gold:   57         SH:  0    Dex: 13    Spells: 2/6 levels left

rFire   . . .        g - +0 whip
rCold   . . .        (no shield)
rNeg    . . .        a - +0 robe
rPois   .            (no helmet)
rElec   .            (no cloak)
rCorr   .            (no gloves)
SInv    .            (no boots)
Will    .....        (no amulet)
Stlth   ++           (no ring)
HPRegen 0.24/turn    (no ring)
MPRegen 0.10/turn

%: no passive effects
@: no status effects
A: ignite blood 1
a: no special abilities


You were on level 2 of the Dungeon.
You visited 1 branch of the dungeon, and saw 2 of its levels.

You collected 57 gold pieces.

Inventory:

Hand Weapons
 g - a +0 whip (weapon)
Armour
 a - a +0 robe (worn)
Jewellery
 d - an amulet of faith
 m - a ring of protection from cold
Scrolls
 e - a scroll of immolation {unknown}
 h - a scroll of blinking {unknown}
 i - a scroll of teleportation {unknown}
 n - 2 scrolls of fear {unknown}
 o - a scroll of identify {unknown}
Potions
 b - a potion of magic
 c - a potion of cancellation {unknown}
 f - 4 potions of curing {unknown}
 j - 2 potions of haste {unknown}
 k - a potion of lignification {unknown}
 l - a potion of resistance {unknown}


   Skills:
 + Level 0.0 Fighting
 + Level 2.2 Dodging
 - Level 2.3 Stealth
 + Level 2.3 Spellcasting
 + Level 4.7 Necromancy


You had 2 spell levels left.
You knew the following spells:

 Your Spells              Type           Power      Damage    Failure   Level
a - Necrotise             Necr           68%        1d7       2%          1
b - Vampiric Draining     Necr           17%        2d7       9%          3

Your spell library contained the following spells:

 Spells                   Type           Power      Damage    Failure   Level
 Animate Dead             Necr           17%        N/A       26%         4
 Curse of Agony           Necr           17%        N/A       58%         5


Dungeon Overview and Level Annotations

Branches:
Dungeon (2/15)

Altars:

Annotations:
D:2 Sigmund


Innate Abilities, Weirdness & Mutations

Your demonic aura sometimes causes spilled blood to erupt in flames.


Message History

The endoplasm writhes in agony.
You kill the endoplasm!
Casting: Necrotise (safe; 2% risk of failure)
Confirm with . or Enter, or press ? or * to list all spells.
You can't see any susceptible monsters within range! (Use Z to cast anyway.)
Your frilled lizard skeleton crumbles into dust!
You now have 57 gold pieces (gained 11).
o - a scroll labelled XAPNANOIPNE
f - 4 sedimented pink potions (gained 1)
Found a dagger.
You see here a +0 dagger.
Sigmund the Dreaded comes into view.
He is wielding a +0 scythe.
Sigmund shouts!
Sigmund points at you and mumbles some strange words.
You are confused.
You bump into the rock wall.
Sigmund casts a spell at you. The puff of flame misses you.
You bump into the rock wall.
You bump into the rock wall.
You bump into the rock wall.
You feel less confused.
Sigmund gestures wildly while chanting.
Sigmund flickers and vanishes!
Deactivating autopickup; reactivate with Ctrl-A.
Something hits you.
A magic dart appears from out of thin air!
The magic dart hits you.
A puff of flame appears from out of thin air!
The puff of flame hits you!
Ouch! That really hurt!
You see here a stone.
Sigmund gestures at you while chanting. The magic dart hits you!
* * * LOW HITPOINT WARNING * * *
Sigmund says, "You will soon forget everything."
Sigmund gestures at you while chanting. The magic dart hits you!
You die...
Sigmund begins carving another notch in his scythe.

####.. #.# #..... .....# ...##.#
##.#### ...### #..##.# ##...##
##.# #.# #..##.# ##.....## #.#
#[# #[.##.# #........ #.# #.#
#..##.# ##.....## #.# #.# #..##.#
#....... ##.###.#
#..#..########...#...
.....#.######...@.....@........##
#.................########.......
..#...............# #(.#####
#..>##.######....## #..# ##.###.#
##.#.# #..##### ##.# #.. .....#
#....... .... .... ###.###
##.##### #.######.. #.# ###.# ..
... .# #...#


You could see Sigmund.

Vanquished Creatures
  3 ball pythons (D:1)
  2 bats (D:1)
  An endoplasm (D:2)
  A giant cockroach (D:1)
  3 goblins (D:1)
  5 hobgoblins (D:1)
  2 jackals (D:1)
  2 kobolds (D:1)
  2 quokkas (D:1)
  2 frilled lizards
  A rat (D:1)
24 creatures vanquished.

Vanquished Creatures (collateral kills)
  A hobgoblin (D:1)
  A ball python (D:1)
2 creatures vanquished.

Grand Total: 26 creatures vanquished

Notes
Turn   | Place    | Note
-------+----------+-------------------------------------------
     0 | D:1      | PaiMei the Demonspawn Necromancer began the quest for the
                  | Orb.
     0 | D:1      | Reached XP level 1. HP: 13/13 MP: 3/3
   351 | D:1      | Gained mutation: Your demonic aura sometimes causes spilled
                  | blood to erupt in flames. [demonic ancestry]
   351 | D:1      | Reached XP level 2. HP: 19/19 MP: 0/5
  1367 | D:1      | Reached XP level 3. HP: 20/24 MP: 1/6
  1513 | D:1      | Learned a level 3 spell: Vampiric Draining
  1737 | D:2      | Noticed Sigmund
  1772 | D:2      | Killed from afar by Sigmund

Illustrated notes

Levels and vault maps discovered:
D:1:      sevenhm_arrival_forest_fort_small_5, layout_basic, serial_park_tiny_1,
          chequers_serial_rivers_room_b, minmay_heptomino_h4
D:2:      layout_loops_ring, minmay_unequal, uniq_natasha, uniq_sigmund

Skill      XL: |  1 |
---------------+----+-----
Stealth        | 2 |  2.3
Dodging        | 2 |  2.2
Spellcasting   | |  2.3
Necromancy     | |  4.7

Action                     || total
---------------------------++-------
  Melee: Unarmed           ||    21
         Whip              ||     1
   Cast: Necrotise         ||    44
 Armour: Robe              ||    21
  Dodge: Dodged            ||    26
